 Dungeon Crawl Stone Soup version 0.26.1-11-gd32895ea62 (webtiles) character file.

Game seed: 13248462280385678501

10954 nothank2 the Geomancer (level 11, -1/54 HPs)
             Began as a Gargoyle Earth Elementalist on July 10, 2021.
             Was an Elder of Vehumet.
             Slain by a freezing wraith (15 damage)
             ... led by a death knight
             ... on level 11 of the Dungeon.
             The game lasted 00:59:30 (14901 turns).

nothank2 the Geomancer (GrEE)                      Turns: 14901, Time: 00:59:33

Health: -1/54      AC: 14    Str: 12    XL:     11   Next: 70%
Magic:  21/26      EV: 12    Int: 19    God:    Vehumet [****..]
Gold:   477        SH:  0    Dex: 10    Spells: 15/32 levels left

rFire    + + .     SeeInvis .   B - +5 flail (vorpal)
rCold    . . .     Faith    .   (no shield)
rNeg     + . .     Spirit   .   n - +2 robe {rC+}
rPois    ∞         Reflect  .   (no helmet)
rElec    +         Harm     .   u - +0 cloak
rCorr    .         Rampage  .   z - +0 pair of gloves
Will     .....                  (no boots)
Stlth    ++........             (no amulet)
HPRegen  0.18/turn              h - ring of fire
MPRegen  0.20/turn              O - ring of protection from fire

@: slowed, very slow
A: negative energy resistance 1, electricity resistance, unbreathing,
petrification resistance, miasma immunity, AC +8
a: Renounce Religion


You were on level 11 of the Dungeon.
You worshipped Vehumet.
Vehumet was greatly pleased with you.
You visited 2 branches of the dungeon, and saw 12 of its levels.

You collected 864 gold pieces.
You spent 387 gold pieces at shops.

Inventory:

Hand Weapons
 a - a +0 club
 e - a +0 dagger
 q - a +2 whip of freezing
 y - a cursed -1 dagger
 B - a +5 vorpal flail (weapon)
Missiles
 b - 166 stones
Armour
 c - a +0 robe
 n - a +2 robe of cold resistance (worn)
 u - a +0 cloak (worn)
 z - a +0 pair of gloves (worn)
Jewellery
 h - a ring of fire (left hand)
 A - an uncursed amulet of inaccuracy
 O - a ring of protection from fire (right hand)
Wands
 C - a wand of flame (42)
 G - a wand of random effects (9)
 J - a wand of disintegration (14)
 L - a wand of paralysis (9)
 P - a wand of polymorph (7)
Scrolls
 d - 4 scrolls of remove curse
 f - 6 scrolls of identify
 g - 6 scrolls of amnesia
 i - 5 scrolls of enchant armour
 k - 8 scrolls of teleportation
 m - 2 scrolls of magic mapping
 s - a scroll of noise {unknown}
 t - 3 scrolls of fog {unknown}
 v - a scroll of random uselessness {unknown}
 F - a scroll of acquirement {unknown}
 H - 4 scrolls of immolation {unknown}
 I - a scroll of fear
 K - a scroll of blinking
 N - 3 scrolls of enchant weapon {unknown}
Potions
 j - 2 potions of mutation
 l - 3 potions of curing
 o - a potion of flight {unknown}
 p - a potion of degeneration
 r - 3 potions of might
 w - a potion of lignification
 x - a potion of berserk rage {unknown}
 D - a potion of heal wounds
 E - 3 potions of brilliance {unknown}
 M - 2 potions of magic {unknown}


   Skills:
 - Level 1.5 Dodging
 - Level 2.1 Stealth
 + Level 11.4 Spellcasting
 + Level 5.0 Conjurations
 - Level 1.0 Transmutations
 + Level 14.5 Earth Magic


You had 15 spell levels left.
You knew the following spells:

 Your Spells              Type           Power        Failure   Level
a - Sandblast             Erth           100%         0%          1
b - Stone Arrow           Conj/Erth      96%          1%          3
c - Lee's Rapid Deconstr  Erth           30%          1%          5
d - Frozen Ramparts       Ice            20%          5%          3
e - Irradiate             Conj/Tmut      11%          13%         5

Your spell library contained the following spells:

 Spells                   Type           Power        Failure   Level
 Olgreb's Toxic Radiance  Pois           10%          17%         4
 Passwall                 Tmut/Erth      33%          1%          2
 Dazzling Flash           Conj/Hex       40%          1%          3
 Petrify                  Tmut/Erth      40%          2%          4
 Animate Skeleton         Necr           20%          6%          1
 Corona                   Hex            11%          6%          1
 Pain                     Necr           40%          6%          1
 Ensorcelled Hibernation  Hex/Ice        20%          10%         2
 Confusing Touch          Hex            10%          19%         3
 Tukima's Dance           Hex            10%          19%         3
 Vampiric Draining        Necr           5%           19%         3
 Animate Dead             Necr           5%           54%         4
 Agony                    Necr           10%          87%         5
 Hydra Form               Tmut           7%           100%        6
 Dragon Form              Tmut           7%           100%        7
 Statue Form              Tmut/Erth      Unusable     N/A         6

Dungeon Overview and Level Annotations

Branches:
Dungeon (11/15)            Temple (1/1) D:4            Lair (0/6) D:11
    Orc: D:9-12

Altars:
Ashenzari
Cheibriados
Dithmenos
Elyvilon
Fedhas
Gozag
Hepliaklqana
Kikubaaqudgha
Makhleb
Nemelex Xobeh
Okawaru
Qazlal
Ru
Sif Muna
Trog
Uskayaw
Vehumet
Wu Jian
Xom
Yredelemnul
Zin
The Shining One

Shops:
D:6 [?(=   D:7 *   D:8 ?   D:9 !   D:10 ?

Portals:
Abyss: D:7

Annotations:
D:7 2 transporters, nothank2's ghost, novice DrCj


Innate Abilities, Weirdness & Mutations

You are resistant to torment.
Your stone body is resilient. (AC +8)
You are immune to poison.
You resist negative energy. (rN+)
You are resistant to electric shocks. (rElec)
You can survive without breathing.
You are immune to petrification.
You are immune to miasma.


Message History

Found a copper wand.
The blast of sand hits the freezing wraith but does no damage.
The blast of sand hits the freezing wraith but does no damage.
The blast of sand misses the freezing wraith.
The freezing wraith hits you but does no damage.
The freezing wraith hits you. The freezing wraith drains your vigour!
You feel yourself slow down.
The blast of sand hits the freezing wraith but does no damage.
The freezing wraith hits you but does no damage.
The freezing wraith barely misses you. The freezing wraith misses you.
The freezing wraith closely misses you.
The blast of sand hits the freezing wraith but does no damage.
The freezing wraith barely misses you. x2
The blast of sand hits the freezing wraith.
The freezing wraith is lightly damaged.
The freezing wraith hits you! The freezing wraith freezes you!!
The freezing wraith barely misses you. The freezing wraith hits you.
* * * LOW HITPOINT WARNING * * *
The freezing wraith freezes you!
You die...

###.....#.......#..#
/... #.....#.......#..#
.... #.....#.......#..#
..... #.....##''#####..#
..... #................#
......#.................
......#.###.............
......'W#.######........
.....##@#......#........
.... #..#......####'####
... #..#...............
.. #..#............... #
#..#...............
#..#...............
#..#...............
#..#.#########.####
####.# #.#...


You could see a freezing wraith.

Vanquished Creatures
  A two-headed ogre (D:11)
  2 unseen horrors
  Pikel (D:6)
  2 ugly things (D:11)
  2 gargoyles
  Maggie (D:7)
  A troll (shapeshifter) (D:10)
  Prince Ribbit (D:9)
  3 wyverns
  12 yaks (D:11)
  Edmund (D:5)
  3 black bears
  2 ice beasts
  3 orc warriors (D:8)
  4 sky beasts
  An eye of draining (D:10)
  7 ogres
  A phantom (D:10)
  4 centaurs
  A lemure (D:6)
  A big kobold (D:9)
  5 bullfrogs
  A gnoll sergeant (D:8)
  2 scorpions (D:5)
  3 killer bees (D:11)
  7 wights
  2 quasits
  A centaur zombie (D:9)
  3 hounds
  3 jellies
  3 orc priests (D:8)
  7 orc wizards
  2 centaur skeletons
  2 bullfrog skeletons
  3 iguanas
  4 worker ants
  3 hound zombies
  2 hound skeletons
  16 gnolls
  9 adders
  4 shadow imps
  5 white imps
  3 ufetubi
  3 oozes
  2 worms
  2 dart slugs
  3 leopard geckos
  20 orcs
  9 bats
  4 giant cockroaches
  5 goblins (D:1)
  5 hobgoblins
  16 jackals
  14 kobolds
  3 quokkas
  5 frilled lizards
  3 leopard gecko skeletons
  A quokka skeleton (D:4)
  8 rats
247 creatures vanquished.

Vanquished Creatures (others)
  A plant (D:11)
  4 toadstools (D:1)
5 creatures vanquished.

Grand Total: 252 creatures vanquished

Notes
Turn   | Place    | Note
-------+----------+-------------------------------------------
     0 | D:1      | nothank2 the Gargoyle Earth Elementalist began the quest
                  | for the Orb.
     0 | D:1      | Reached XP level 1. HP: 10/10 MP: 3/3
    82 | D:1      | Reached skill level 1 in Transmutations
   140 | D:1      | Reached XP level 2. HP: 12/15 MP: 0/5
   290 | D:1      | Reached skill level 4 in Earth Magic
   700 | D:1      | Reached XP level 3. HP: 19/19 MP: 4/6
  1580 | D:2      | Learned a level 3 spell: Stone Arrow
  1969 | D:2      | Found a hazy altar of Hepliaklqana.
  2193 | D:2      | Found an ornate altar of the Wu Jian Council.
  2772 | D:3      | Reached XP level 4. HP: 24/24 MP: 8/8
  3416 | D:3      | Reached skill level 5 in Earth Magic
  3559 | D:3      | Found an iron altar of Okawaru.
  3640 | D:3      | Reached XP level 5. HP: 8/28 MP: 3/10
  4722 | D:4      | Reached skill level 1 in Conjurations
  4929 | D:4      | Noticed an ogre
  4935 | D:4      | Killed an ogre
  4936 | D:4      | Reached XP level 6. HP: 32/32 MP: 8/12
  4992 | D:4      | Reached skill level 6 in Earth Magic
  5125 | D:4      | Found a staircase to the Ecumenical Temple.
  5157 | D:4      | Found a blossoming altar of Fedhas.
  5182 | Temple   | Entered the Ecumenical Temple
  5193 | Temple   | Became a worshipper of Vehumet
  5259 | D:4      | Noticed a sky beast
  5283 | D:4      | Killed a sky beast
  5611 | D:4      | Noticed a wyvern
  5616 | D:4      | Killed a wyvern
  5617 | D:4      | Reached XP level 7. HP: 18/36 MP: 9/14
  5772 | D:4      | Learned a level 5 spell: Lee's Rapid Deconstruction
  5937 | D:4      | Found a shadowy altar of Dithmenos.
  6041 | D:5      | Entered Level 5 of the Dungeon
  6065 | D:5      | Reached skill level 5 in Spellcasting
  6065 | D:5      | Reached skill level 7 in Earth Magic
  6426 | D:5      | Reached XP level 8. HP: 41/41 MP: 13/16
  6594 | D:5      | Noticed Edmund
  6611 | D:5      | Killed Edmund
  6612 | D:5      | Reached skill level 8 in Earth Magic
  6879 | D:6      | Found Ceuma's Armour Shoppe.
  6931 | D:6      | Reached * piety under Vehumet
  6931 | D:6      | Offered knowledge of Foxfire by Vehumet.
  7147 | D:6      | Found a bloodstained altar of Trog.
  7258 | D:6      | Found Awkezxurph's Magic Scroll Emporium.
  7258 | D:6      | Found Fethaz's Antique Weapon Shoppe.
  7450 | D:6      | Found Anaoro's Jewellery Shop.
  7681 | D:6      | Reached skill level 9 in Earth Magic
  7855 | D:6      | Bought a scroll of magic mapping for 35 gold pieces
  7888 | D:7      | Found Gaafowke's Assorted Antiques.
  7907 | D:7      | Noticed Pikel
  8059 | D:6      | Killed Pikel
  8060 | D:6      | Reached XP level 9. HP: 36/45 MP: 2/20
  8210 | D:7      | Reached skill level 10 in Earth Magic
  8677 | D:7      | Found a one-way gate to the infinite horrors of the Abyss.
  8677 | D:7      | Noticed a cyan ugly thing
  8677 | D:7      | Noticed nothank2's ghost (novice DrCj)
  8769 | D:7      | Found a shimmering blue altar of Sif Muna.
  8816 | D:7      | Found a transporter.
  8885 | D:7      | Found a transporter.
  8970 | D:7      | Noticed Maggie
  8978 | D:7      | Killed Maggie
  9089 | D:7      | Found a sparkling altar of Nemelex Xobeh.
  9343 | D:8      | Reached skill level 11 in Earth Magic
  9635 | D:8      | Found a white marble altar of Elyvilon.
  9696 | D:8      | Reached ** piety under Vehumet
  9734 | D:8      | Offered knowledge of Shock by Vehumet.
 10014 | D:8      | Found Maush's Magic Scroll Shoppe.
 10027 | D:8      | Bought a scroll of brand weapon for 300 gold pieces
 10027 | D:8      | Bought a scroll of fear for 52 gold pieces
 10075 | D:8      | Reached XP level 10. HP: 41/50 MP: 13/22
 10262 | D:8      | Found an opulent altar of Gozag.
 10902 | D:8      | Reached skill level 12 in Earth Magic
 11416 | D:9      | Found Pamp's Distillery.
 11463 | D:9      | Noticed Prince Ribbit
 11467 | D:9      | Killed Prince Ribbit
 11869 | D:9      | Offered knowledge of Conjure Flame by Vehumet.
 12067 | D:10     | Entered Level 10 of the Dungeon
 12231 | D:10     | Found Sahamuac's Magic Scroll Emporium.
 12550 | D:10     | Reached *** piety under Vehumet
 12751 | D:10     | Noticed a gargoyle
 12754 | D:10     | Killed a gargoyle
 12761 | D:10     | Reached skill level 10 in Spellcasting
 13021 | D:10     | Killed an unseen horror
 13022 | D:10     | Reached skill level 13 in Earth Magic
 13375 | D:11     | Noticed a two-headed ogre
 13378 | D:11     | Killed a two-headed ogre
 13379 | D:11     | Reached XP level 11. HP: 54/54 MP: 20/25
 13394 | D:11     | Offered knowledge of Frozen Ramparts by Vehumet.
 13462 | D:10     | Learned a level 3 spell: Frozen Ramparts
 13475 | D:11     | Reached skill level 14 in Earth Magic
 13783 | D:11     | Found a staircase to the Lair.
 13886 | D:11     | Learned a level 5 spell: Irradiate
 14019 | D:11     | Killed an unseen horror
 14411 | D:11     | Reached **** piety under Vehumet
 14487 | D:11     | Noticed a green ugly thing
 14495 | D:11     | Noticed a red ugly thing
 14514 | D:11     | Killed a red ugly thing
 14521 | D:11     | Killed a green ugly thing
 14521 | D:11     | Offered knowledge of Olgreb's Toxic Radiance by Vehumet.
 14522 | D:11     | Reached skill level 5 in Conjurations
 14684 | D:11     | Noticed a death knight
 14901 | D:11     | Slain by a freezing wraith

Illustrated notes

Levels and vault maps discovered:
D:1:      ldierk_water_garden, layout_basic, grunt_decor_arrowhead
D:2:      layout_basic, marbit_many_paths, lemuel_round_altar,
          kennysheep_generic_room_8
D:3:      layout_basic, okawaru_gym_becter, minivault_11
D:4:      layout_basic, fedhas_altar_4, minmay_temple_entry_enclosed_plants,
          grunt_dithmenos_shadows
D:5:      layout_rooms, uniq_crazy_yiuf_cottage, uniq_edmund
D:6:      layout_cave_pools, nicolae_overflow_hidden_temple, serial_shops, shop,
          shop_coins, shop, shop_scrolls, grunt_decor_junction, feat_on_display
D:7:      layout_cave_pools, lemuel_round_altar, serial_shops, shop,
          serial_park, serial_park_tiny_pond, serial_park_tiny_1,
          serial_park_tiny_1, gammafunk_ghost_abyssal_escape,
          nemelex_dance_club_becter, uniq_pikel, uniq_maggie
D:8:      layout_loops_corners, nicolae_overflow_crystal_walls,
          elyvilon_altar_1, serial_shops,
          nicolae_shop_competitors_out_of_business, minivault_27,
          minmay_misc_feat_x, chequers_serial_rivers_micro_b
D:9:      layout_stronghold, serial_shops, shop_coins, st_stairs_2,
          uniq_prince_ribbit1
D:10:     layout_roguey, serial_shops, nicolae_shop_trees
D:11:     layout_irregular_city, david_lair_generic, gammafunk_ghost_spectres
Temple:   cyrus_circular_temple

Skill      XL: |  1  2  3  4  5  6  7  8  9 10 11 |
---------------+----------------------------------+-----
Transmutations | 1 |  1.0
Earth Magic    | 4 5 6 7 9 11 13 14 | 14.5
Spellcasting   | 3 4 5 7 8 10 11 | 11.4
Conjurations   | 1 3 5 |  5.0
Dodging        | |  1.5
Stealth        | |  2.1

Action                   |  1- 3 |  4- 6 |  7- 9 | 10-12 || total
-------------------------+-------+-------+-------+-------++-------
Melee: Club              |    10 |       |       |       ||    10
       Unarmed           |     3 |       |       |       ||     3
       Dagger            |   105 |   101 |       |       ||   206
       Whip              |       |    75 |    71 |       ||   146
       Flail             |       |       |    56 |   101 ||   157
 Cast: Sandblast         |    28 |    36 |   100 |   100 ||   264
       Stone Arrow       |       |       |    16 |     1 ||    17
       Lee's Rapid Decon |       |       |    11 |    29 ||    40
       Frozen Ramparts   |       |       |       |     8 ||     8
  Use: Scroll            |       |       |    12 |     1 ||    13
 Stab: Sleeping          |     3 |     1 |     3 |     2 ||     9
Armor: Robe              |    48 |    76 |    81 |   101 ||   306
Dodge: Dodged            |    92 |   139 |   127 |   144 ||   502
